 Dungeon Crawl Stone Soup version 0.31.0-32-g396128a36d (webtiles) character file.

Game seed: 8180807236285842481

80 Peloso the Trooper (level 4, -2/41 HPs)
             Began as a Minotaur Fighter on Apr 14, 2024.
             Slain by an iguana (11 damage)
             ... on level 6 of the Dungeon.
             The game lasted 00:03:18 (2025 turns).

Peloso the Trooper (Minotaur Fighter)               Turns: 2025, Time: 00:03:18

Health: -2/41      AC: 11    Str: 18 (20) XL:     4   Next: 18%
Magic:  3/3        EV:  5    Int:  4 (5)  God:
Gold:   95         SH:  4    Dex: 10 (12) Spells: 3/3 levels left

rFire   . . .        a - +0 long sword
rCold   . . .        d - +0 buckler
rNeg    . . .        l - +0 plate armour
rPois   .            (helmet restricted)
rElec   .            (no cloak)
rCorr   .            (no gloves)
SInv    +            (no boots)
Will    .....        (no amulet) Stlth
                     s - ring of see invisible
HPRegen 0.26/turn    (no ring)
MPRegen 0.08/turn

%: no passive effects
@: no status effects
A: horns 2, retaliatory headbutt
a: no special abilities


You were on level 6 of the Dungeon.
You visited 1 branch of the dungeon, and saw 4 of its levels.

You collected 95 gold pieces.

Inventory:

Hand Weapons
 a - a +0 long sword (weapon)
Armour
 b - a +0 scale mail
 c - a +0 chain mail
 d - a +0 buckler (worn)
 l - a +0 plate armour (worn)
Jewellery
 s - a ring of see invisible (left hand)
Talismans
 q - a storm talisman
Scrolls
 f - a scroll of noise {unknown}
 g - a scroll of teleportation {unknown}
 i - 2 scrolls of vulnerability {unknown}
 j - 4 scrolls of identify {unknown}
 n - a scroll of poison {unknown}
 p - a scroll of summoning {unknown}
 r - a scroll of fear {unknown}
Potions
 e - a potion of might
 h - 2 potions of curing
 k - a potion of haste
 m - a potion of lignification {unknown}
 o - a potion of heal wounds {unknown}


   Skills:
 + Level 4.5 Fighting
 + Level 3.3 Long Blades
 + Level 4.2 Armour
 + Level 0.6 Dodging
 + Level 4.2 Shields


You had 3 spell levels left.
You didn't know any spells.
Your spell library contained the following spells:

 Spells                   Type           Power      Damage    Failure   Level
 Scorch                   Fire           0%         2d5       100%        2
 Inner Flame              Hex/Fire       0%         N/A       100%        3
 Flame Wave               Conj/Fire      0%         2d4       100%        4
 Sticky Flame             Fire/Alch      0%         2d4       100%        4
 Summon Cactus Giant      Summ           0%         N/A       100%        6


Dungeon Overview and Level Annotations

Branches:
Dungeon (3/15)

Altars:
Trog


Innate Abilities, Weirdness & Mutations

You have a pair of horns on your head.
You reflexively headbutt those who attack you in melee.


Message History

An iguana comes into view.
The iguana hisses angrily.
You hit the iguana. Your headbutt misses the iguana.
The iguana is lightly wounded.
The iguana bites you.
You hit the iguana.
The iguana is moderately wounded.
The iguana bites you. The iguana bites you!
You hit the iguana.
The iguana is severely wounded.
The iguana bites you.
You closely miss the iguana.
The iguana is severely wounded.
The iguana completely misses you. You furiously retaliate!
You headbutt the iguana. You closely miss the iguana.
The iguana is severely wounded.
The iguana bites you but does no damage.
You barely miss the iguana.
The iguana is severely wounded.
You block the iguana's attack.
You hit the iguana but do no damage.
The iguana is severely wounded.
The iguana bites you. x2
* * * LOW HITPOINT WARNING * * *
You closely miss the iguana.
The iguana is severely wounded.
The iguana barely misses you.
You barely miss the iguana. Your headbutt misses the iguana.
The iguana is severely wounded.
The iguana bites you.
* * * LOW HITPOINT WARNING * * *
You closely miss the iguana. You headbutt the iguana.
The iguana is almost dead.
The iguana barely misses you.
You closely miss the iguana.
The iguana is almost dead.
The iguana bites you but does no damage.
The iguana bites you!
You die...

#.....# #.....
##..... #.....##
#......### ####
#........##...###
#....###....[...#
#.... ##........
##.## #.@.....?.
## #.l.......
#..........
#..........
#..........
#..........
#..........
#..........


You could see an iguana.

Vanquished Creatures
  A gnoll (D:1)
  An adder (D:2)
  2 ribbon worms (D:2)
  3 dart slugs
  An orc (D:2)
  8 bats
  4 endoplasms
  3 giant cockroaches
  2 goblins (D:2)
  5 hobgoblins
  A jackal (D:2)
  2 quokkas
  4 ball pythons
  A frilled lizard (D:1)
  6 kobolds
  4 rats
48 creatures vanquished.

Notes
Turn   | Place    | Note
-------+----------+-------------------------------------------
     0 | D:1      | Peloso the Minotaur Fighter began the quest for the Orb.
     0 | D:1      | Reached XP level 1. HP: 19/19 MP: 0/0
   174 | D:1      | Reached XP level 2. HP: 23/27 MP: 1/1
   330 | D:1      | Found a faded altar of an unknown god.
   836 | D:2      | Reached XP level 3. HP: 33/33 MP: 2/2
  1225 | D:2      | Found a bloodstained altar of Trog.
  1308 | D:2      | Reached XP level 4. HP: 40/41 MP: 3/3
  2006 | D:3      | You fall into a shaft and drop 3 floors!
  2025 | D:6      | Slain by an iguana

Illustrated notes

Levels and vault maps discovered:
D:1:      tarquinn_simple_flora_water_b, layout_basic,
          hellmonk_ecumenical_altar_heavens_door
D:2:      kb_forest_paths, layout_basic, basic_altar
D:3:      layout_loops_corners, nicolae_ru_the_path_less_chosen, uniq_grinder
D:6:      layout_cave_pods, minmay_liquid_box, st_stairs_6, minmay_circle_x

Skill      XL: |  1  2  3 |
---------------+----------+-----
Fighting       | 4 |  4.5
Shields        | 4 |  4.2
Long Blades    | 3 |  3.3
Armour         | 4 |  4.2
Dodging        | |  0.6

Action                     |  1- 3 |  4- 6 || total
---------------------------+-------+-------++-------
  Melee: Long sword        |    99 |    27 ||   126
         Headbutt          |    12 |     2 ||    14
    Use: Potion            |     4 |       ||     4
         Scroll            |     1 |       ||     1
 Armour: Scale mail        |    19 |       ||    19
         Plate armour      |    77 |    18 ||    95
  Dodge: Dodged            |    30 |     6 ||    36
  Block: Buckler           |    25 |     2 ||    27
